[Event "Teplice Open 2019"]
[Site "Teplice"]
[Date "2019.06.17"]
[Round "3.6"]
[White "Song, Raymond"]
[Black "Lagarde, Maxime"]
[Result "1-0"]
[ECO "C06"]
[WhiteElo "2450"]
[BlackElo "2599"]
[Annotator "ChessBase"]
[PlyCount "84"]
[EventDate "2019.06.15"]
[EventType "swiss"]
[EventCountry "CZE"]
[SourceTitle "playchess.com"]
[Source "ChessBase"]
[SourceQuality "1"]
[TimeControl "40/5400+30:1800+30"]

1. e4 e6 2. d4 d5 3. Nc3 Nf6 4. e5 Nfd7 5. Nce2 c5 6. c3 Nc6 7. Nf3 cxd4 8. cxd4 f6 9. exf6 Qxf6 10. Nc3 Bd6 11. Bd3 h6 12. O-O O-O 13. Bc2 Rf7 14. a3 Nf8 15. Ne2 Bd7 16. Ng3 Rc8 17. Nh5 Qd8 18. Re1 Be8 19. Be3 Na5 20. Bd3 Nc4 21. Bc1 Qb6 22. b3 Rxf3 23. Qxf3 Qxd4 24. Bxh6 Qh4 25. Nxg7 Qxh2+ 26. Kf1 Qh1+ 27. Ke2 Qxh6 28. Nxe8 Be5 29. Qg4+ Kf7 30. bxc4 Rxe8 31. Rab1 b6 32. Rh1 Qf6 33. Rh3 Ke7 34. Qh5 Nd7 35. cxd5 exd5 36. Kf1 Kd8 37. Re1 Qd6 38. Bb5 Nf6 39. Qf5 Re6 40. Rhe3 Ne4 41. Rxe4 dxe4 42. Qxe4 Qxa3 1-0

[Event "Teplice Open 2019"]
[Site "Teplice"]
[Date "2019.06.17"]
[Round "3.7"]
[White "Erenberg, Ariel"]
[Black "Hracek, Zbynek"]
[Result "1/2-1/2"]
[ECO "D37"]
[WhiteElo "2434"]
[BlackElo "2582"]
[Annotator "ChessBase"]
[PlyCount "61"]
[EventDate "2019.06.15"]
[EventType "swiss"]
[EventCountry "CZE"]
[SourceTitle "playchess.com"]
[Source "ChessBase"]
[SourceQuality "1"]
[TimeControl "40/5400+30:1800+30"]

1. d4 Nf6 2. c4 e6 3. Nf3 d5 4. Nc3 Nbd7 5. Bf4 Bb4 6. cxd5 Nxd5 7. Bd2 N7f6 8. Qc2 Nxc3 9. bxc3 Ba5 10. e4 c5 11. dxc5 Qc7 12. Rb1 Nd7 13. Bb5 O-O 14. Bxd7 Bxd7 15. Be3 b6 16. Nd2 bxc5 17. Nc4 Rab8 18. Nxa5 Qxa5 19. O-O e5 20. Rxb8 Rxb8 21. Rb1 Rxb1+ 22. Qxb1 Qb6 23. Qxb6 axb6 24. f4 Bc6 25. fxe5 Bxe4 26. Bg5 c4 27. a4 Bc6 28. Be3 Bxa4 29. Bxb6 g5 30. Bd8 h6 31. Kf2 1/2-1/2

[Event "Teplice Open 2019"]
[Site "Teplice"]
[Date "2019.06.17"]
[Round "3.8"]
[White "Cawdery, Daniel"]
[Black "Epishin, Vladimir"]
[Result "0-1"]
[ECO "B01"]
[WhiteElo "2428"]
[BlackElo "2564"]
[Annotator "ChessBase"]
[PlyCount "62"]
[EventDate "2019.06.15"]
[EventType "swiss"]
[EventCountry "CZE"]
[SourceTitle "playchess.com"]
[Source "ChessBase"]
[SourceQuality "1"]
[TimeControl "40/5400+30:1800+30"]

1. e4 d5 2. exd5 Qxd5 3. Nc3 Qd6 4. d4 Nf6 5. Nf3 g6 6. h3 Bg7 7. Nb5 Qd8 8. Bf4 Nd5 9. Be5 O-O 10. Bxg7 Kxg7 11. c4 c6 12. Nc3 Nxc3 13. bxc3 Qa5 14. Qd2 Nd7 15. Bd3 e5 16. O-O exd4 17. cxd4 Qxd2 18. Nxd2 Rd8 19. Nf3 Nf8 20. Rfd1 Be6 21. Bf1 f6 22. Rd2 Rd7 23. Rad1 Rad8 24. a4 a5 25. Ne1 Bf7 26. Nf3 Ne6 27. g3 h5 28. d5 cxd5 29. Rxd5 Nc5 30. Rxd7 Rxd7 31. Rb1 Rd6 0-1

[Event "Teplice Open 2019"]
[Site "Teplice"]
[Date "2019.06.17"]
[Round "3.11"]
[White "Handler, Lukas"]
[Black "Babula, Vlastimil"]
[Result "0-1"]
[ECO "E15"]
[WhiteElo "2418"]
[BlackElo "2550"]
[Annotator "ChessBase"]
[PlyCount "82"]
[EventDate "2019.06.15"]
[EventType "swiss"]
[EventCountry "CZE"]
[SourceTitle "playchess.com"]
[Source "ChessBase"]
[SourceQuality "1"]
[TimeControl "40/5400+30:1800+30"]

1. d4 Nf6 2. c4 e6 3. Nf3 b6 4. g3 Ba6 5. Qc2 c5 6. d5 exd5 7. cxd5 g6 8. Bg2 Bg7 9. O-O O-O 10. Nc3 d6 11. a4 Re8 12. Re1 Bb7 13. e4 Na6 14. Bf4 Nh5 15. Bg5 Qd7 16. h3 h6 17. Be3 Nf6 18. Rad1 Nb4 19. Qb1 Ba6 20. Bf4 Rad8 21. e5 Nh5 22. e6 Qe7 23. Bc1 c4 24. Nd4 Bb7 25. Be4 f5 26. Bf3 Nf6 27. Nde2 Nh7 28. Be3 Nd3 29. Rxd3 cxd3 30. Qxd3 Rc8 31. h4 Nf8 32. h5 Nxe6 33. hxg6 Ng5 34. Bg2 Ne4 35. Bh3 Qf6 36. Nb5 Qxg6 37. Nf4 Qf7 38. f3 Ng5 39. Bxf5 Nxf3+ 40. Kh1 Nxe1 41. Bh7+ Kh8 0-1

[Event "Teplice Open 2019"]
[Site "Teplice"]
[Date "2019.06.17"]
[Round "3.12"]
[White "Plat, Vojtech"]
[Black "Siddharth, Jagadeesh"]
[Result "1-0"]
[ECO "A13"]
[WhiteElo "2547"]
[BlackElo "2416"]
[Annotator "ChessBase"]
[PlyCount "87"]
[EventDate "2019.06.15"]
[EventType "swiss"]
[EventCountry "CZE"]
[SourceTitle "playchess.com"]
[Source "ChessBase"]
[SourceQuality "1"]
[TimeControl "40/5400+30:1800+30"]

1. b3 Nf6 2. Bb2 e6 3. Nf3 d5 4. e3 Be7 5. c4 O-O 6. Nc3 b6 7. Rc1 Bb7 8. Be2 Nbd7 9. O-O a6 10. Qc2 Bd6 11. d4 Qe7 12. Nd2 c5 13. Bf3 Rac8 14. Rfe1 b5 15. dxc5 Bxc5 16. cxd5 exd5 17. Qf5 Qe6 18. Qb1 Rfe8 19. Ne2 Ne4 20. Nxe4 dxe4 21. Nf4 Qe7 22. Bg4 Rcd8 23. Red1 Ne5 24. Bf5 Ng6 25. Rxd8 Rxd8 26. Nh5 f6 27. Ng3 Rd2 28. Bc3 Rd8 29. Bxe4 Bxe4 30. Nxe4 Ba3 31. Rf1 Ne5 32. Rd1 Nc6 33. Ng3 Bb4 34. Rxd8+ Qxd8 35. Qe4 Bxc3 36. Qxc6 Be5 37. Nf1 a5 38. Qxb5 h5 39. Qe2 g6 40. g3 Qd5 41. Qc4 Qxc4 42. bxc4 Bc3 43. f3 Be1 44. e4 1-0

[Event "Teplice Open 2019"]
[Site "Teplice"]
[Date "2019.06.17"]
[Round "3.13"]
[White "Kostolansky, Sebastian Lukas"]
[Black "Shevchenko, Kirill"]
[Result "1/2-1/2"]
[ECO "B50"]
[WhiteElo "2379"]
[BlackElo "2539"]
[Annotator "ChessBase"]
[PlyCount "80"]
[EventDate "2019.06.15"]
[EventType "swiss"]
[EventCountry "CZE"]
[SourceTitle "playchess.com"]
[Source "ChessBase"]
[SourceQuality "1"]
[TimeControl "40/5400+30:1800+30"]

1. e4 c5 2. Nf3 d6 3. c3 Nf6 4. h3 Bd7 5. Bd3 Bc6 6. Qe2 Nh5 7. Bc2 Nf4 8. Qf1 d5 9. d3 dxe4 10. dxe4 Qc7 11. Bxf4 Qxf4 12. Nbd2 Nd7 13. Qe2 Ne5 14. Nxe5 Qxe5 15. O-O e6 16. f4 Qc7 17. f5 O-O-O 18. fxe6 fxe6 19. Bb3 Kb8 20. Bxe6 Qe5 21. Bc4 Bd6 22. Nf3 Qg3 23. Bb5 Bxb5 24. Qxb5 g5 25. e5 Bc7 26. Qe2 h5 27. Qe1 Qf4 28. Nd4 Qxe5 29. Qxe5 Bxe5 30. Ne6 Rd2 31. Rf5 Bg3 32. Raf1 b6 33. Rxg5 h4 34. b4 Re8 35. Nf4 Re4 36. Nh5 Ree2 37. Rf8+ Kb7 38. Nxg3 Rxg2+ 39. Kf1 hxg3 40. b5 Rgf2+ 1/2-1/2

[Event "Teplice Open 2019"]
[Site "Teplice"]
[Date "2019.06.17"]
[Round "3.14"]
[White "Krishna, Teja N."]
[Black "Ali Marandi, Cemil Can"]
[Result "1-0"]
[ECO "A40"]
[WhiteElo "2357"]
[BlackElo "2520"]
[Annotator "ChessBase"]
[PlyCount "69"]
[EventDate "2019.06.15"]
[EventType "swiss"]
[EventCountry "CZE"]
[SourceTitle "playchess.com"]
[Source "ChessBase"]
[SourceQuality "1"]
[TimeControl "40/5400+30:1800+30"]

1. d4 e6 2. c4 g6 3. Nc3 Bg7 4. Nf3 Ne7 5. h4 h6 6. Bf4 d5 7. Rc1 dxc4 8. e4 a6 9. Bxc4 b5 10. Bb3 Bb7 11. Be5 Bxe5 12. Nxe5 Nd7 13. Nd3 h5 14. Qf3 O-O 15. Qf4 Nc6 16. Ne2 Na5 17. f3 Rc8 18. Nc5 Qe7 19. Nxd7 Qxd7 20. Rc5 Kh7 21. g4 Nc6 22. Qf6 Qd8 23. Qxd8 Rfxd8 24. gxh5 Nxd4 25. Nxd4 Rxd4 26. Rg1 c6 27. hxg6+ fxg6 28. h5 Rf8 29. hxg6+ Kg7 30. Rh5 Bc8 31. Rh7+ Kf6 32. Rg4 Rdd8 33. f4 c5 34. Rg5 e5 35. g7 1-0

[Event "Teplice Open 2019"]
[Site "Teplice"]
[Date "2019.06.17"]
[Round "3.15"]
[White "Greenfeld, Alon"]
[Black "Paszewski, Mateusz"]
[Result "1-0"]
[ECO "D48"]
[WhiteElo "2513"]
[BlackElo "2346"]
[Annotator "ChessBase"]
[PlyCount "63"]
[EventDate "2019.06.15"]
[EventType "swiss"]
[EventCountry "CZE"]
[SourceTitle "playchess.com"]
[Source "ChessBase"]
[SourceQuality "1"]
[TimeControl "40/5400+30:1800+30"]

1. d4 d5 2. c4 c6 3. Nf3 Nf6 4. Nc3 e6 5. e3 Nbd7 6. Bd3 dxc4 7. Bxc4 b5 8. Bd3 a6 9. e4 c5 10. d5 c4 11. dxe6 fxe6 12. Bc2 Qc7 13. O-O Bb7 14. Ne2 Bd6 15. Ned4 Nc5 16. b4 Ncxe4 17. Nxe6 Qd7 18. Bxe4 Bxe4 19. Nxg7+ Qxg7 20. Qxd6 Bxf3 21. Re1+ Ne4 22. Qc6+ Kf7 23. Qd5+ Kg6 24. gxf3 Rhg8 25. fxe4 Qxa1 26. Kh1 Qc3 27. Rg1+ Kf6 28. Bg5+ Rxg5 29. Qxg5+ Ke6 30. Qd5+ Kf6 31. e5+ Qxe5 32. Qxa8 1-0

[Event "Teplice Open 2019"]
[Site "Teplice"]
[Date "2019.06.17"]
[Round "3.16"]
[White "Eden, James"]
[Black "Gumularz, Szymon"]
[Result "0-1"]
[ECO "B19"]
[WhiteElo "2346"]
[BlackElo "2495"]
[Annotator "ChessBase"]
[PlyCount "76"]
[EventDate "2019.06.15"]
[EventType "swiss"]
[EventCountry "CZE"]
[SourceTitle "playchess.com"]
[Source "ChessBase"]
[SourceQuality "1"]
[TimeControl "40/5400+30:1800+30"]

1. e4 c6 2. d4 d5 3. Nd2 dxe4 4. Nxe4 Bf5 5. Ng3 Bg6 6. h4 h6 7. Nf3 Nd7 8. h5 Bh7 9. Bd3 Bxd3 10. Qxd3 e6 11. Bf4 Qa5+ 12. Bd2 Bb4 13. Ne4 Ngf6 14. Nd6+ Ke7 15. Nxb7 Bxd2+ 16. Nxd2 Qb4 17. Qb3 Qxd4 18. O-O-O Rab8 19. Qa3+ c5 20. Na5 Rhc8 21. Ndc4 Qxf2 22. Nd6 Qf4+ 23. Kb1 Rc7 24. Nac4 Nb6 25. Qb3 Kf8 26. a4 Kg8 27. g3 Qg5 28. Rde1 Rd8 29. Nb5 Nxc4 30. Qxc4 Rcd7 31. Qc3 a6 32. Na3 Rd4 33. Qa5 R8d6 34. b3 Ne4 35. Nc4 Rd8 36. Qxa6 Rxc4 37. bxc4 Rb8+ 38. Ka2 Qf6 0-1

[Event "Teplice Open 2019"]
[Site "Teplice"]
[Date "2019.06.17"]
[Round "3.19"]
[White "Bulockin, Martin"]
[Black "Warmerdam, Max"]
[Result "0-1"]
[ECO "B13"]
[WhiteElo "2165"]
[BlackElo "2475"]
[Annotator "ChessBase"]
[PlyCount "70"]
[EventDate "2019.06.15"]
[EventType "swiss"]
[EventCountry "CZE"]
[SourceTitle "playchess.com"]
[Source "ChessBase"]
[SourceQuality "1"]
[TimeControl "40/5400+30:1800+30"]

1. d4 d5 2. Bf4 c5 3. e3 cxd4 4. exd4 Nc6 5. c3 f6 6. Bd3 e5 7. dxe5 fxe5 8. Bg3 Nf6 9. Ne2 Bd6 10. O-O O-O 11. Nd2 Bg4 12. Qe1 Qc7 13. Rc1 Rae8 14. Bb1 b5 15. a4 a6 16. axb5 axb5 17. Kh1 Bc8 18. Qd1 Kh8 19. b3 e4 20. Bxd6 Qxd6 21. h3 Re6 22. Ng1 b4 23. Re1 bxc3 24. Rxc3 d4 25. Rc1 d3 26. Nc4 Qd4 27. Qd2 Nh5 28. Ne3 Ref6 29. Rf1 Qe5 30. b4 Rxf2 31. Nf3 Rxf1+ 32. Nxf1 exf3 33. Rxc6 fxg2+ 34. Qxg2 Bb7 35. Bxd3 Nf4 0-1

[Event "Teplice Open 2019"]
[Site "Teplice"]
[Date "2019.06.17"]
[Round "3.20"]
[White "Van Foreest, Jorden"]
[Black "Morgunov, Marc"]
[Result "1-0"]
[ECO "E71"]
[WhiteElo "2610"]
[BlackElo "2351"]
[Annotator "RC"]
[PlyCount "83"]
[EventDate "2019.06.15"]
[EventType "swiss"]
[EventCountry "CZE"]
[SourceTitle "playchess.com"]
[Source "ChessBase"]
[SourceQuality "1"]
[TimeControl "40/5400+30:1800+30"]

1. c4 Nf6 2. Nc3 g6 3. e4 d6 4. d4 Bg7 5. h3 O-O 6. Be3 e5 7. d5 c6 8. g4 cxd5 9. cxd5 a6 10. Nge2 Nbd7 11. Ng3 b5 12. a3 Nb6 13. b3 Nfd7 14. h4 Nc5 15. Rc1 Bb7 16. Be2 Rc8 17. Kf1 Rc7 18. a4 b4 19. a5 Nbd7 20. Na2 Rc8 21. Nxb4 Qxa5 22. Nc6 Bxc6 23. dxc6 Rxc6 24. h5 Rfc8 25. Bc4 Qd8 26. Bd5 R6c7 27. Ra1 Nf6 28. b4 Nxd5 29. exd5 Nb7 30. Bb6 Qg5 31. Bxc7 Rxc7 32. Qe2 Rc1+ 33. Rxc1 Qxc1+ 34. Kg2 Qc3 35. hxg6 fxg6 36. Rb1 Qd4 37. Qf3 Nd8 38. Rc1 Bf8 39. Rc7 Qf4 40. Qxf4 exf4 41. Ne4 Nf7 42. Ra7 1-0

[Event "Teplice Open 2019"]
[Site "Teplice"]
[Date "2019.06.17"]
[Round "3.21"]
[White "Santos Latasa, Jaime"]
[Black "Serrano, Salvador Eduardo"]
[Result "1-0"]
[ECO "B47"]
[WhiteElo "2588"]
[BlackElo "2334"]
[Annotator "ChessBase"]
[PlyCount "65"]
[EventDate "2019.06.15"]
[EventType "swiss"]
[EventCountry "CZE"]
[SourceTitle "playchess.com"]
[Source "ChessBase"]
[SourceQuality "1"]
[TimeControl "40/5400+30:1800+30"]

1. e4 c5 2. Nf3 e6 3. d4 cxd4 4. Nxd4 Nc6 5. Nc3 Qc7 6. g3 a6 7. Bg2 Nf6 8. O-O Nxd4 9. Qxd4 Bc5 10. Bf4 d6 11. Qd2 h6 12. Rad1 e5 13. Be3 Bg4 14. Bxc5 dxc5 15. Qd6 Qxd6 16. Rxd6 Rd8 17. Rb6 Bc8 18. Nd5 Nxd5 19. exd5 f5 20. d6 O-O 21. Rd1 e4 22. a4 Rf6 23. a5 Bd7 24. Rxb7 Bc6 25. Rb6 Rfxd6 26. Rxd6 Rxd6 27. Bf1 f4 28. Rxa6 e3 29. fxe3 fxe3 30. Bd3 Rf6 31. Rb6 Kf8 32. a6 Ke7 33. Rxc6 1-0

[Event "Teplice Open 2019"]
[Site "Teplice"]
[Date "2019.06.17"]
[Round "3.22"]
[White "Romanov, Evgeny"]
[Black "Simek, Petr"]
[Result "1-0"]
[ECO "A20"]
[WhiteElo "2577"]
[BlackElo "2300"]
[Annotator "ChessBase"]
[PlyCount "85"]
[EventDate "2019.06.15"]
[EventType "swiss"]
[EventCountry "CZE"]
[SourceTitle "playchess.com"]
[Source "ChessBase"]
[SourceQuality "1"]
[TimeControl "40/5400+30:1800+30"]

1. c4 e5 2. d3 Nf6 3. a3 d5 4. cxd5 Nxd5 5. Nf3 Nc6 6. e4 Nb6 7. Be3 Be7 8. Nbd2 Be6 9. Rc1 f6 10. Nb3 Qd7 11. Be2 O-O-O 12. O-O g5 13. Nc5 Bxc5 14. Rxc5 g4 15. Nh4 Nd4 16. Bxd4 Qxd4 17. Qc2 Rd7 18. Rc1 c6 19. b4 Kb8 20. g3 h5 21. Bf1 Rhd8 22. a4 Qxb4 23. a5 Na4 24. Rxc6 bxc6 25. Rb1 c5 26. Rxb4+ cxb4 27. Qxa4 b3 28. a6 Rd6 29. d4 b2 30. Bd3 Rb6 31. d5 b1=Q+ 32. Bxb1 Rxb1+ 33. Kg2 Bc8 34. Ng6 Rb6 35. Ne7 Bd7 36. Qa3 Bb5 37. Qc5 Be2 38. Nc6+ Ka8 39. f4 gxf3+ 40. Kf2 Rc8 41. Qe7 Rxa6 42. Qd7 Rh8 43. Nd8 1-0

[Event "Teplice Open 2019"]
[Site "Teplice"]
[Date "2019.06.17"]
[Round "3.23"]
[White "Dragnev, Valentin"]
[Black "Baum, Jonasz"]
[Result "1-0"]
[ECO "E04"]
[WhiteElo "2521"]
[BlackElo "2295"]
[Annotator "ChessBase"]
[PlyCount "67"]
[EventDate "2019.06.15"]
[EventType "swiss"]
[EventCountry "CZE"]
[SourceTitle "playchess.com"]
[Source "ChessBase"]
[SourceQuality "1"]
[TimeControl "40/5400+30:1800+30"]

1. d4 d5 2. Nf3 e6 3. g3 Nf6 4. c4 dxc4 5. Bg2 Bb4+ 6. Bd2 c5 7. Bxb4 cxb4 8. Ne5 O-O 9. a3 Nc6 10. Bxc6 bxc6 11. axb4 Qd6 12. O-O Qxb4 13. Qd2 c5 14. Qxb4 cxb4 15. Rc1 c3 16. bxc3 bxc3 17. Nxc3 Bb7 18. Nb5 a5 19. f3 g5 20. Nd6 Bd5 21. Rc7 a4 22. Nexf7 a3 23. e4 Bb3 24. Rb7 Bc2 25. Nxg5 Ne8 26. Nxe8 Rfxe8 27. Nxh7 Red8 28. Nf6+ Kf8 29. Rc7 Bb3 30. Rc3 Rab8 31. Rxa3 Bd1 32. Ra7 e5 33. Rcc7 Bb3 34. d5 1-0

[Event "Teplice Open 2019"]
[Site "Teplice"]
[Date "2019.06.17"]
[Round "3.24"]
[White "Leisch, Lukas"]
[Black "Krzyzanowski, Marcin"]
[Result "0-1"]
[ECO "B07"]
[WhiteElo "2341"]
[BlackElo "2510"]
[Annotator "ChessBase"]
[PlyCount "82"]
[EventDate "2019.06.15"]
[EventType "swiss"]
[EventCountry "CZE"]
[SourceTitle "playchess.com"]
[Source "ChessBase"]
[SourceQuality "1"]
[TimeControl "40/5400+30:1800+30"]

1. Nf3 d6 2. d4 Nf6 3. Nbd2 g6 4. e4 Bg7 5. Bb5+ c6 6. Bd3 O-O 7. O-O Nh5 8. c3 e5 9. dxe5 dxe5 10. Nc4 Qc7 11. a4 Nf4 12. Bb1 Rd8 13. Qc2 Bg4 14. Ncd2 Qd7 15. Kh1 Bh5 16. b4 Na6 17. Ba2 h6 18. Ne1 Be2 19. Rg1 Nc7 20. Bb3 Nce6 21. Nc4 Qe7 22. Ne3 a5 23. Ba3 axb4 24. Bxb4 Qf6 25. Bxe6 Qxe6 26. g3 Bd3 27. Nxd3 Nxd3 28. Ba3 f5 29. f3 Qf7 30. Rgf1 f4 31. Rad1 fxe3 32. Rxd3 Qc4 33. Rfd1 Rxd3 34. Rxd3 Rxa4 35. Bc1 Ra2 36. Qd1 e2 37. Rd8+ Kh7 38. Qe1 Ra1 39. Kg2 Qb3 40. Qd2 e1=Q 41. Qxe1 Qc2+ 0-1

[Event "Teplice Open 2019"]
[Site "Teplice"]
[Date "2019.06.17"]
[Round "3.25"]
[White "Salomon, Johan"]
[Black "Svanda, Ondrej"]
[Result "1-0"]
[ECO "B38"]
[WhiteElo "2509"]
[BlackElo "2261"]
[Annotator "ChessBase"]
[PlyCount "69"]
[EventDate "2019.06.15"]
[EventType "swiss"]
[EventCountry "CZE"]
[SourceTitle "playchess.com"]
[Source "ChessBase"]
[SourceQuality "1"]
[TimeControl "40/5400+30:1800+30"]

1. c4 c5 2. Nf3 g6 3. d4 cxd4 4. Nxd4 Nc6 5. e4 Bg7 6. Be3 Nf6 7. Nc3 d6 8. Be2 O-O 9. O-O Bd7 10. h3 Nxd4 11. Bxd4 Bc6 12. Qc2 a5 13. Rad1 Nd7 14. Bxg7 Kxg7 15. Bg4 Ne5 16. c5 Nxg4 17. hxg4 Qc8 18. cxd6 exd6 19. f3 Rd8 20. Rd4 Qe6 21. Rfd1 Qe5 22. Qd2 Qc5 23. Qf4 b5 24. Kh2 b4 25. Ne2 Qb5 26. Ng3 Qa4 27. Rxd6 Rxd6 28. Rxd6 Be8 29. Qg5 Kf8 30. Qh6+ Kg8 31. e5 Qb5 32. Qf4 Rc8 33. Ne4 Kg7 34. Qf6+ Kg8 35. e6 1-0

[Event "Teplice Open 2019"]
[Site "Teplice"]
[Date "2019.06.17"]
[Round "3.26"]
[White "Morgunov, Daniel"]
[Black "Cernousek, Lukas"]
[Result "0-1"]
[ECO "B81"]
[WhiteElo "2289"]
[BlackElo "2466"]
[Annotator "ChessBase"]
[PlyCount "56"]
[EventDate "2019.06.15"]
[EventType "swiss"]
[EventCountry "CZE"]
[SourceTitle "playchess.com"]
[Source "ChessBase"]
[SourceQuality "1"]
[TimeControl "40/5400+30:1800+30"]

1. e4 c5 2. Nf3 d6 3. d4 Nf6 4. Nc3 cxd4 5. Nxd4 a6 6. Be3 e6 7. g4 e5 8. Nf5 g6 9. Nh6 Bxh6 10. Bxh6 Nxg4 11. Qd2 Nxh6 12. Qxh6 Be6 13. h4 Nc6 14. h5 Qf6 15. Bh3 Qf3 16. Qg7 O-O-O 17. Bxe6+ fxe6 18. Rf1 Nd4 19. Kd2 Qxh5 20. Rad1 Nf3+ 21. Kd3 d5 22. Rh1 Qg4 23. Rxh7 Rxh7 24. Qxh7 dxe4+ 25. Ke3 Qf4+ 26. Ke2 Rd2+ 27. Kf1 Rxf2+ 28. Kxf2 Ng5+ 0-1

[Event "Teplice Open 2019"]
[Site "Teplice"]
[Date "2019.06.17"]
[Round "3.27"]
[White "Hollan, Petr"]
[Black "Haldorsen, Benjamin"]
[Result "1/2-1/2"]
[ECO "C11"]
[WhiteElo "2261"]
[BlackElo "2454"]
[Annotator "ChessBase"]
[PlyCount "74"]
[EventDate "2019.06.15"]
[EventType "swiss"]
[EventCountry "CZE"]
[SourceTitle "playchess.com"]
[Source "ChessBase"]
[SourceQuality "1"]
[TimeControl "40/5400+30:1800+30"]

1. e4 e6 2. d4 d5 3. Nc3 Nf6 4. e5 Nfd7 5. f4 c5 6. Nf3 Nc6 7. Be3 Be7 8. Qd2 O-O 9. dxc5 Qa5 10. O-O-O b6 11. Bb5 Nb4 12. a3 bxc5 13. Kb1 Rb8 14. axb4 cxb4 15. Nxd5 exd5 16. Bxd7 Bxd7 17. Qxd5 Qxd5 18. Rxd5 Bc6 19. Ra5 Rfc8 20. Nd2 Bxg2 21. Rg1 Bh3 22. Rxa7 Bf8 23. Nb3 Bf5 24. Nd4 Be4 25. e6 fxe6 26. b3 g6 27. Re1 Bc5 28. Ra2 Rb6 29. Bg1 Bd5 30. Ra5 Bxd4 31. Bxd4 Rbc6 32. Re2 Bf3 33. Rd2 Be4 34. Ra2 Bf5 35. Be5 Rc5 36. Kc1 h6 37. h4 R5c6 1/2-1/2

[Event "Teplice Open 2019"]
[Site "Teplice"]
[Date "2019.06.17"]
[Round "3.28"]
[White "Halvax, Georg"]
[Black "Brozyna, Mateusz"]
[Result "1-0"]
[ECO "D15"]
[WhiteElo "2408"]
[BlackElo "2252"]
[Annotator "NA"]
[PlyCount "71"]
[EventDate "2019.06.15"]
[EventType "swiss"]
[EventCountry "CZE"]
[SourceTitle "playchess.com"]
[Source "ChessBase"]
[SourceQuality "1"]
[TimeControl "40/5400+30:1800+30"]

1. d4 d5 2. Nf3 c6 3. e3 Nf6 4. c4 Bf5 5. Nc3 a6 6. Bd3 Bxd3 7. Qxd3 e6 8. O-O Nbd7 9. b3 Be7 10. Bb2 O-O 11. Rad1 b5 12. e4 b4 13. e5 bxc3 14. exf6 cxb2 15. fxe7 Qxe7 16. cxd5 cxd5 17. Qb1 Qa3 18. Rd2 Rfc8 19. Rxb2 Rc7 20. Rc1 Rac8 21. Rxc7 Rxc7 22. Rc2 Qd6 23. Qc1 Rxc2 24. Qxc2 g6 25. h4 h5 26. Qc8+ Kg7 27. g3 f6 28. Qe8 Nf8 29. a4 a5 30. Qb5 Qa3 31. Kg2 Qb2 32. Qxa5 Qxb3 33. Qa7+ Kg8 34. a5 Qd3 35. a6 g5 36. hxg5 1-0

[Event "Teplice Open 2019"]
[Site "Teplice"]
[Date "2019.06.17"]
[Round "3.30"]
[White "Kaasen, Tor Fredrik"]
[Black "Kett, Tim"]
[Result "0-1"]
[ECO "C76"]
[WhiteElo "2395"]
[BlackElo "2197"]
[Annotator "NA"]
[PlyCount "97"]
[EventDate "2019.06.15"]
[EventType "swiss"]
[EventCountry "CZE"]
[SourceTitle "playchess.com"]
[Source "ChessBase"]
[SourceQuality "1"]
[TimeControl "40/5400+30:1800+30"]

1. e4 e5 2. Nf3 Nc6 3. Bb5 a6 4. Ba4 d6 5. O-O Bd7 6. c3 g6 7. d4 Bg7 8. Bg5 f6 9. Be3 Nh6 10. dxe5 Nxe5 11. Bb3 Nhg4 12. Bc1 Qe7 13. Nd4 c5 14. Ne2 c4 15. Bc2 O-O 16. Nf4 f5 17. h3 Nh6 18. Nd5 Qf7 19. Nb6 f4 20. f3 Rad8 21. Nxd7 Qxd7 22. a4 g5 23. Na3 Kh8 24. Qe2 b5 25. axb5 axb5 26. Rd1 g4 27. hxg4 Nhxg4 28. Rd4 Ra8 29. Rb1 Rab8 30. Qd1 Qf7 31. fxg4 f3 32. Be3 Nxg4 33. Qxf3 Qxf3 34. gxf3 Nxe3 35. Kf2 Bxd4 36. cxd4 b4 37. Kxe3 bxa3 38. bxa3 Rxb1 39. Bxb1 Ra8 40. e5 Rxa3+ 41. Ke4 dxe5 42. dxe5 h5 43. f4 Ra1 44. Bc2 h4 45. Kd4 h3 46. Be4 h2 47. f5 h1=Q 48. Bxh1 Rxh1 49. Kxc4 0-1

[Event "Teplice Open 2019"]
[Site "Teplice"]
[Date "2019.06.17"]
[Round "3.32"]
[White "Stewart, Ashley"]
[Black "Risting, Eivind Olav"]
[Result "1/2-1/2"]
[ECO "A37"]
[WhiteElo "2139"]
[BlackElo "2357"]
[Annotator "NA"]
[PlyCount "60"]
[EventDate "2019.06.15"]
[EventType "swiss"]
[EventCountry "CZE"]
[SourceTitle "playchess.com"]
[Source "ChessBase"]
[SourceQuality "1"]
[TimeControl "40/5400+30:1800+30"]

1. c4 c5 2. g3 g6 3. Bg2 Bg7 4. Nc3 Nc6 5. Nf3 e6 6. d4 cxd4 7. Nb5 d5 8. cxd5 Qa5+ 9. Nd2 Qxb5 10. a4 Qb6 11. dxc6 Ne7 12. Nc4 Qb4+ 13. Bd2 Qxc4 14. cxb7 Bxb7 15. Bxb7 Rb8 16. Rc1 Qa2 17. Ra1 Qc4 18. Rc1 Qa2 19. Ra1 Qxb2 20. Rb1 Qxb7 21. Rxb7 Rxb7 22. O-O O-O 23. Qc2 Nd5 24. e3 dxe3 25. Bxe3 Nxe3 26. fxe3 h5 27. Rb1 Rd7 28. Rd1 Rb7 29. Rb1 Rd7 30. Rd1 Rb7 1/2-1/2

[Event "Teplice Open 2019"]
[Site "Teplice"]
[Date "2019.06.17"]
[Round "3.36"]
[White "Kirk, Ezra"]
[Black "Montgomery, Jan Elkjaer Frantsen"]
[Result "1-0"]
[ECO "B47"]
[WhiteElo "2428"]
[BlackElo "2115"]
[Annotator "NA"]
[PlyCount "97"]
[EventDate "2019.06.15"]
[EventType "swiss"]
[EventCountry "CZE"]
[SourceTitle "playchess.com"]
[Source "ChessBase"]
[SourceQuality "1"]
[TimeControl "40/5400+30:1800+30"]

1. e4 c5 2. Nf3 e6 3. d4 cxd4 4. Nxd4 Nc6 5. Nc3 Qc7 6. f4 a6 7. Nxc6 Qxc6 8. Be2 b5 9. Bf3 Bb7 10. Qd3 Rc8 11. Be3 Qc4 12. a3 b4 13. axb4 Bxb4 14. Bd4 Nf6 15. O-O Qxd4+ 16. Qxd4 Bc5 17. Rfd1 O-O 18. e5 Bxf3 19. gxf3 Nh5 20. f5 exf5 21. Rxa6 Nf4 22. Kf1 Bxd4 23. Rxd4 Ne6 24. Rd2 Rb8 25. b3 f6 26. exf6 Rxf6 27. Rxd7 Nc5 28. Rxf6 Nxd7 29. Rd6 Ne5 30. f4 Ng4 31. Nd5 Nxh2+ 32. Kg2 Ng4 33. Ne7+ Kf8 34. Nxf5 g6 35. Nd4 Ke7 36. Ra6 Rc8 37. c4 Rc7 38. Kf3 Nf6 39. Nc6+ Kd7 40. Ne5+ Ke7 41. b4 Nd7 42. Nc6+ Kd6 43. Ne5+ Ke7 44. Nxd7 Rxd7 45. Ke4 Kf7 46. b5 h5 47. b6 h4 48. Ra7 Ke7 49. b7 1-0

[Event "Teplice Open 2019"]
[Site "Teplice"]
[Date "2019.06.17"]
[Round "3.37"]
[White "Hollan, Martin"]
[Black "Brejnik, Gustav"]
[Result "1-0"]
[ECO "A20"]
[WhiteElo "2423"]
[BlackElo "2114"]
[Annotator "NA"]
[PlyCount "77"]
[EventDate "2019.06.15"]
[EventType "swiss"]
[EventCountry "CZE"]
[SourceTitle "playchess.com"]
[Source "ChessBase"]
[SourceQuality "1"]
[TimeControl "40/5400+30:1800+30"]

1. c4 e5 2. Nf3 e4 3. Nd4 c6 4. d3 exd3 5. e3 d5 6. cxd5 Qxd5 7. Nc3 Bb4 8. Bd2 Qe5 9. Bxd3 Nf6 10. Qc2 Nbd7 11. a3 Be7 12. f4 Qc7 13. Nf5 Nc5 14. Bc4 Bxf5 15. Qxf5 b5 16. Be2 Nb3 17. Rd1 O-O 18. Bf3 Rad8 19. Qc2 Nxd2 20. Rxd2 Bc5 21. Re2 Rfe8 22. Ne4 Nxe4 23. Bxe4 g6 24. Qxc5 Rxe4 25. O-O Rd5 26. Qc3 Qd7 27. Qc1 c5 28. b3 Qd6 29. Rc2 Rd3 30. Rxc5 Rexe3 31. f5 Rd2 32. f6 h5 33. Rxb5 Ree2 34. Rg5 Qd4+ 35. Kh1 Qe4 36. Qc8+ Qe8 37. Rxg6+ Kh7 38. Rg7+ Kh8 39. Qf5 1-0